 Dungeon Crawl Stone Soup version 0.20.1-1-g8b1a95d (webtiles) character file.

34 Ijustatesigmund the Sneak (level 3, -3/16 HPs)
             Began as a Spriggan Enchanter on Sept 8, 2017.
             Slain by Crazy Yiuf
             ... wielding a +4 quarterstaff of chaos
              (9 damage)
             ... on level 2 of the Dungeon.
             The game lasted 00:03:17 (1848 turns).

Ijustatesigmund the Sneak (Spriggan Enchanter)      Turns: 1848, Time: 00:03:17

Health: -3/16      AC:  3    Str:  4    XL:     3   Next: 14%
Magic:  8/8        EV: 19    Int: 16    God:
Gold:   63         SH:  0    Dex: 17    Spells: 6/7 levels left

rFire    . . .     SeeInvis +   a - +1 dagger
rCold    . . .     Gourm    .   (shield restricted)
rNeg     . . .     Faith    .   b - +0 robe
rPois    .         Spirit   .   (helmet restricted)
rElec    .         Reflect  .   f - +0 cloak
rCorr    .         Harm     .   (gloves unavailable)
MR       .....                  (boots unavailable)
Stlth    +++.......             (no amulet)
Regen    0.1/turn               (no ring)
MPRegen  0.2/turn               (no ring)

@: very quick
A: unfitting armour, see invisible, herbivore 3, speed 3, slow metabolism 2
a: no special abilities


You were on level 2 of the Dungeon.
You were not hungry.

You visited 1 branch of the dungeon, and saw 3 of its levels.

You collected 63 gold pieces.

Inventory:

Hand Weapons
 a - a +1 dagger (weapon)
Armour
 b - a +0 robe (worn)
 f - a +0 cloak (worn)
Wands
 l - a wand of lightning (7/15)
Potions
 e - a potion of heal wounds {unknown}
 g - a potion of agility
 h - a potion of curing
 j - a potion of mutation {unknown}
 k - a potion of haste
 m - a potion of resistance {unknown}
Books
 c - a book of Maledictions

   Spells                             Type                      Level
   a - Corona                         Hexes                        1
   b - Ensorcelled Hibernation        Hexes/Ice                    2
   c - Confuse                        Hexes                        3
   d - Tukima's Dance                 Hexes                        3
   e - Dazzling Spray                 Conjuration/Hexes            3
Comestibles
 d - a bread ration
 i - a royal jelly


   Skills:
 + Level 2.2 Short Blades
 + Level 4.0 Dodging
 + Level 5.0 Stealth
 - Level 2.6 Spellcasting
 - Level 3.6 Hexes


You had 6 spell levels left.
You knew the following spells:

 Your Spells              Type           Power        Failure   Level  Hunger
a - Corona                Hex            ##.....      4%          1    #......


Dungeon Overview and Level Annotations

Branches:
Dungeon (3/15)

Altars:

Annotations:
D:2 Crazy Yiuf


Innate Abilities, Weirdness & Mutations

You are very small and have problems with some larger weapons.
You are too small for most types of armour.
You have supernaturally acute eyesight. (SInv)
You are a herbivore.
You cover ground extremely quickly.
You need consume almost no food.


Message History

An adder and 2 orcs come into view.
You barely miss the adder.
The adder is lightly wounded.
You feel sick. The adder misses you.
The orc moves out of view.
An orc and a zombie come into view.
You are too injured to fight recklessly!
You are too injured to fight recklessly!
You are too injured to fight recklessly!
You are too injured to fight recklessly!
There is an open door here.
You close the door.
You feel sick.
A goblin opens the door.
You feel sick.
You feel sick.
You are no longer poisoned.
There is a stone staircase leading up here.
You climb upwards.
Level annotation: Crazy Yiuf Crazy Yiuf hits you with a quarterstaff of chaos!
Ouch! That really hurt!
You die...

.# #.# .# ####.#
.....###♣♣ #####
#....#.♣♣ ♣♣#..)# ##
#.......♣♣♣♣g'...# #..
#........♣..♣#...# #.#
#..#.#..♣.♣♣♣##### #.#
#g.###♣♣♣♣♣ #[# #.@# #.#
#..# ### #.####.######..#
#.# #..............# #.#
######.#######.########.#
######.###..............#
#....†.........##########
##..........#####
##.#####.##### ..####


You could see Crazy Yiuf.

Vanquished Creatures
  An adder (D:2)
  An ooze (D:1)
  A ball python (D:1)
  4 bats (D:1)
  A giant cockroach (D:1)
  2 goblins (D:1)
  2 hobgoblins (D:1)
  A jackal (D:1)
  A frilled lizard (D:1)
  4 kobolds
  3 rats
21 creatures vanquished.

Notes
Turn   | Place    | Note
-------+----------+-------------------------------------------
     0 | D:1      | Ijustatesigmund the Spriggan Enchanter began the quest for the Orb.
     0 | D:1      | Reached XP level 1. HP: 9/9 MP: 5/5
   392 | D:1      | Reached XP level 2. HP: 8/13 MP: 6/6
  1399 | D:1      | You fall through a shaft!
  1675 | D:2      | Reached skill level 5 in Stealth
  1675 | D:2      | Reached XP level 3. HP: 16/16 MP: 8/8
  1728 | D:2      | Found a runed door.
  1732 | D:2      | Noticed Crazy Yiuf
  1848 | D:2      | Slain by Crazy Yiuf

Skill      XL: |  1  2 |
---------------+-------+-----
Short Blades   | 2 |  2.2
Dodging        | 4 |  4.0
Stealth        | 5 |  5.0
Spellcasting   | |  2.6
Hexes          | |  3.6

Action                   || total
-------------------------++-------
Melee: Dagger            ||   130
  Use: Scroll            ||     6
 Stab: Sleeping          ||     2
       Distracted        ||     1
Armor: Robe              ||    15
Dodge: Dodged            ||   127
